Map: Orbital Shipyard

Players

LilDicky

  • Race: Terran Terran
  • League: Diamond

cygnus - Winner!

  • Race: Terran Terran
  • League: Diamond

VOD

http://www.twitch.tv/tumescentpie

Description

Time

  • Played on: Dec. 1, 2015, 6:19 p.m.
  • Length: 4:41
Show
View Real Time Build Order
Export as new Build Order

LilDicky Terran 

Build Orders:  

Get SALT Encoding   

  12  0:02  SCV  
  13  0:14  SCV  
  13  0:19  Supply Depot  
  14  0:26  SCV  
  15  0:36  Refinery  
  16  0:42  SCV  
  16  0:45  Barracks  
  16  0:55  SCV  
  17  1:07  SCV  
  18  1:20  SCV  
  19  1:32  SCV  
  21  1:34  Reaper  
  21  1:44  Orbital Command  
  21  1:49  Supply Depot  
  20  2:09  Reaper  
  21  2:19  SCV, Refinery  
  22  2:23  Command Center  
  22  2:27  Refinery  
  19  2:56  Reaper  
  15  3:23  Factory  
  13  3:34  Reaper  
  13  3:38  SCV  
  13  3:40  Orbital Command  
  15  3:50  SCV  
  16  4:06  Factory Tech Lab  
  16  4:07  Starport  
  16  4:11  Engineering Bay  
  16  4:15  SCV  
Show
View Real Time Build Order
Export as new Build Order

cygnus Terran - Winner!

Build Orders: Reaper Expand 

Get SALT Encoding   

  12  0:01  SCV  
  13  0:13  SCV  
  14  0:18  Supply Depot  
  14  0:25  SCV  
  15  0:39  SCV  
  15  0:41  Barracks  
  16  0:46  Refinery  
  16  0:53  SCV  
  17  1:05  SCV  
  18  1:17  SCV  
  19  1:28  Supply Depot  
  19  1:30  Reaper  
  19  1:31  Orbital Command  
  20  2:01  Command Center  
  20  2:03  Reaper  
  21  2:09  SCV  
  21  2:21  SCV, Refinery  
  22  2:31  Factory  
  22  2:41  SCV  
  23  2:51  Marine  
  23  2:53  SCV  
  25  3:05  SCV  
  26  3:11  Reaper  
  26  3:17  Factory Tech Lab, SCV  
  26  3:18  Barracks  
  26  3:19  Starport  
  28  3:29  Supply Depot  
  28  3:35  SCV  
  28  3:37  Orbital Command  
  30  3:41  Siege Tank  
  30  3:43  Orbital Command  
  30  3:47  SCV  
  31  3:59  Engineering Bay  
  31  4:04  Barracks Reactor  
  31  4:09  Viking  
  33  4:11  Barracks Tech Lab  
  33  4:14  SCV x2  
  35  4:26  SCV x2  
Tags
 
Add a new tag
Caveats
  • Supply blocks, unpowered buildings, or Contaminate may cause inaccurate times.
  • Supply counts are checked every 10 seconds.